 Dungeon Crawl Stone Soup version 0.16.2-2-g470672f (webtiles) character file.

416 CrazyArbalest the Bolt Thrower (level 6, -1/51 HPs)
             Began as a Centaur Hunter on Aug 21, 2015.
             Killed by divine providence
             ... invoked by an orc priest
              (11 damage)
             ... on level 3 of the Dungeon.
             The game lasted 00:19:51 (4403 turns).

CrazyArbalest the Bolt Thrower (Centaur Hunter)     Turns: 4403, Time: 00:19:52

Health: -1/51      AC:  8    Str: 14    XL:     6   Next: 60%
Magic:  5/5        EV: 10    Int: 10    God:
Gold:   154        SH:  0    Dex: 12    Spells: 0 memorised, 5 levels left

rFire  . . .     SeeInvis .     b - +1 hand crossbow
rCold  . . .     Clarity  .     d - +0 leather armour
rNeg   . . .     SustAb   .     (no shield)
rPois  .         Gourm    .     n - +0 helmet
rElec  .         Spirit   .     p - +2 cloak
rCorr  .         Warding  .     (no gloves)
rMut   .         Stasis   .     (no barding)
MR     .....                    (no amulet)
Stlth  +.........               (no ring)
                                (no ring)

@: very quick, not resistant to hostile enchantments, very unstealthy
A: hooves 3, deformed body, speed 2, tough skin 3
a: no special abilities


You were on level 3 of the Dungeon.
You were hungry.

You visited 1 branch of the dungeon, and saw 3 of its levels.
You also visited: Sewer.

You collected 154 gold pieces.

Inventory:

Hand weapons
 a - a +0 whip
 b - a +1 hand crossbow (weapon)
 y - a +0 whip
 B - a cursed -3 dagger
 D - a +0 mace
 E - a +0 flail
Missiles
 c - 33 bolts (quivered)
Armour
 d - a +0 leather armour (worn)
 n - a +0 helmet (worn)
 p - a +2 cloak (worn)
 s - a +0 ring mail
 t - a cursed -1 ring mail
Jewellery
 k - an uncursed ring of ice
Magical devices
 v - a wand of hasting (2)
Scrolls
 e - a scroll of amnesia {unknown}
 g - 2 scrolls of identify {unknown}
 h - 2 scrolls of blinking {unknown}
 i - a scroll of fear {unknown}
 l - a scroll of recharging {unknown}
 q - a scroll of noise {unknown}
 u - a scroll of enchant armour {unknown}
 A - a scroll of teleportation {unknown}
 F - a scroll of random uselessness {unknown}
Potions
 j - a potion of resistance {unknown}
 m - 6 potions of curing {unknown}
 o - a potion of beneficial mutation {unknown}
 r - 4 potions of heal wounds {unknown}
 w - a potion of mutation {unknown}
 x - 2 potions of brilliance {unknown}
 z - 2 potions of flight {unknown}
 C - 4 potions of agility {unknown}
Comestibles
 f - 2 bread rations


   Skills:
 + Level 3.1 Fighting
 + Level 0.6 Short Blades
 + Level 1.2 Maces & Flails
 * Level 6.0 Crossbows
 + Level 1.9 Armour
 + Level 3.0 Dodging
 + Level 0.5 Stealth


You had 5 spell levels left.
You didn't know any spells.

Dungeon Overview and Level Annotations

Branches:
Dungeon (3/15)

Altars:
Elyvilon


Innate Abilities, Weirdness & Mutations

You have hooves in place of feet.
Armour fits poorly on your strangely shaped body.
You cover ground very quickly.
You have extremely tough skin (AC +3).


Message History

The orc shouts!
The orc priest shouts!
An orc wizard comes into view. It is wielding a dagger.
The orc wizard shouts!
The orc priest invokes the aid of Beogh against you.
Something smites you!
An orc comes into view. It is wielding a mace.
A kobold comes into view. It is wielding a dagger of venom.
The kobold shouts!
The orc shouts!
You see here a bread ration.
The orc priest calls down the wrath of Beogh upon you.
Something smites you!
The orc wizard gestures wildly while chanting.
The orc wizard blinks!
The orc priest calls down the wrath of Beogh upon you.
Something smites you!
* * * LOW HITPOINT WARNING * * *
There is a stone staircase leading up here.
The orc priest mumbles some strange prayers to Beogh against you.
Something smites you!
You die...

#######..........K........
#...............o#+###.##
#................#
#..............g.#
#..............o>#
#..##.#######....#######
####.##≈≈.≈≈##...........
#≈#.#####≈#...################
#≈#≈##≈##≈#..@................
#≈#≈#≈#.#≈######.........#####
#≈#≈#.#≈#≈# #.........#
#≈#≈###≈#.# #.........#
#≈##≈≈.≈#≈# #.........#####
#.#######≈# #..............
##≈.≈≈≈≈≈## #...<..........
######### ########.......
#.......


You could see an orc priest, an orc, a goblin and a kobold.

Vanquished Creatures
  2 big kobolds (Sewer)
  Ijyb (D:2)
  6 adders
  9 river rats (Sewer)
  2 giant mites
  4 worms
  3 giant geckos
  An ooze (Sewer)
  7 ball pythons
  A giant cockroach (D:3)
  4 goblins
  3 hobgoblins
  5 jackals
  A quokka (D:3)
  A bat (D:2)
  2 giant newts
  20 kobolds
  21 rats
93 creatures vanquished.

Notes
Turn   | Place    | Note
--------------------------------------------------------------
     0 | D:1      | CrazyArbalest, the Centaur Hunter, began the quest for the Orb.
     0 | D:1      | Reached XP level 1. HP: 17/17 MP: 1/1
   434 | D:1      | Reached XP level 2. HP: 19/24 MP: 2/2
   504 | D:1      | Reached skill level 5 in Crossbows
  1191 | D:2      | Noticed Ijyb
  1204 | D:1      | Reached XP level 3. HP: 13/29 MP: 3/3
  1441 | D:2      | Killed Ijyb
  1507 | D:2      | Found a white marble altar of Elyvilon.
  1581 | D:2      | Reached XP level 4. HP: 35/37 MP: 3/3
  1914 | D:2      | Reached skill level 1 in Armour
  2584 | D:3      | Reached XP level 5. HP: 26/42 MP: 4/4
  2588 | D:3      | Found a glowing drain.
  2639 | Sewer    | Entered a sewer
  3066 | Sewer    | Reached skill level 1 in Maces & Flails
  3488 | Sewer    | Reached XP level 6. HP: 43/50 MP: 5/5
  4230 | Sewer    | Reached skill level 6 in Crossbows
  4403 | D:3      | Killed from afar by an orc priest

Action                   |  1- 3 |  4- 6 || total
-------------------------+-------+-------++-------
Melee: Short sword       |    89 |    11 ||   100
       Whip              |       |   299 ||   299
 Fire: Hand crossbow     |     9 |    28 ||    37
  Eat: Chunk             |     1 |     8 ||     9
